 Dungeon Crawl Stone Soup version 0.20.0-7-g3b7b877 (webtiles) character file.

9972 smedtjen the Protected (level 11, -4/87 HPs)
             Began as a Demonspawn Abyssal Knight on May 29, 2017.
             Was a High Priest of Lugonu.
             Slain by an orc knight
             ... wielding a +0 long sword
              (12 damage)
             ... on level 1 of the Orcish Mines.
             The game lasted 00:44:31 (10144 turns).

smedtjen the Protected (Demonspawn Abyssal Knight) Turns: 10144, Time: 00:44:31

Health: -4/87      AC: 24    Str: 20    XL:     11   Next: 30%
Magic:  12/12      EV:  8    Int: 15    God:    Lugonu [*****.]
Gold:   684        SH:  0    Dex: 14    Spells: 10/10 levels left

rFire    . . .     SeeInvis +   P - +3 quarterstaff (chaos)
rCold    . . .     Gourm    .   (shield currently unavailable)
rNeg     . . .     Faith    .   D - +0 plate armour
rPois    +         Spirit   .   (helmet restricted)
rElec    +         Reflect  .   r - +2 cloak {rPois}
rCorr    .         Harm     .   V - +0 pair of gloves
MR       .....                  m - +0 pair of boots
Stlth    ..........             s - amulet of regeneration
Regen    0.7/turn               E - ring of see invisible
MPRegen  0.2/turn               U - ring of stealth

@: mighty
A: claws 1, horns 1, thin metallic scales 3, agile 1, demonic guardian 1, spiny
2
a: Depart the Abyss, Bend Space, Banish, Corrupt, Enter the Abyss, Renounce
Religion


You were on level 1 of the Orcish Mines.
You worshipped Lugonu.
Lugonu was extremely pleased with you.
You were not hungry.

You visited 2 branches of the dungeon, and saw 11 of its levels.
You visited the Abyss 1 time.

You collected 684 gold pieces.

Inventory:

Hand Weapons
 a - a +2 hand axe
 H - a +0 blowgun
 I - a +0 glaive
 L - a +2 whip of electrocution
 P - a +3 quarterstaff of chaos (weapon)
Missiles
 l - 239 stones
 w - 67 poisoned needles
 N - 8 tomahawks (quivered)
Armour
 f - a +0 troll leather armour
 g - a +1 ring mail of cold resistance
 m - a +0 pair of boots (worn)
 r - a +2 cloak of poison resistance (worn)
 D - a +0 plate armour (worn)
 T - a +4 ring mail of fire resistance
 V - a +0 pair of gloves (worn)
Jewellery
 s - an amulet of regeneration (around neck)
 z - an uncursed ring of poison resistance
 E - a ring of see invisible (left hand)
 U - a ring of stealth (right hand)
Wands
 e - a wand of random effects (29/48)
 y - a wand of acid (9/15)
 G - a wand of iceblast (8/15)
Scrolls
 q - 4 scrolls of remove curse
 t - 5 scrolls of identify
 u - a scroll of immolation {unknown}
 C - a scroll of enchant weapon
 F - a scroll of magic mapping
 K - 2 scrolls of fear
 M - a scroll of silence {unknown}
 Q - a scroll of amnesia {unknown}
Potions
 b - 5 potions of brilliance {unknown}
 h - 2 potions of lignification {unknown}
 j - a potion of cancellation {unknown}
 k - 2 potions of degeneration
 p - a potion of invisibility {unknown}
 v - a potion of mutation
 x - a potion of haste
 A - 2 potions of ambrosia {unknown}
 B - 3 potions of curing {unknown}
 J - a potion of berserk rage {unknown}
 O - a potion of flight {unknown}
 S - a potion of resistance
Comestibles
 c - 6 bread rations
 d - 5 meat rations
 n - 10 royal jellies
 o - 8 fruits


   Skills:
 + Level 8.3 Fighting
 + Level 7.6(7.7) Axes
 + Level 1.5(7.2) Maces & Flails
 + Level 8.0(8.1) Staves
 + Level 1.0 Throwing
 + Level 8.8 Armour
 + Level 3.2 Dodging
 + Level 3.1 Stealth
 + Level 2.4 Invocations


You had 10 spell levels left.
You didn't know any spells.

Dungeon Overview and Level Annotations

Branches:
Dungeon (10/15)            Temple (0/1) D:7            Lair (0/6) D:8
    Orc (1/2) D:10

Altars:
Hepliaklqana
Makhleb
Nemelex Xobeh
Sif Muna
Xom
Beogh

Shops:
D:5 [   D:9 :

Annotations:
Orc:1 cereshysteria's ghost, journeyman MiFi


Innate Abilities, Weirdness & Mutations

You have sharp fingernails.
You are completely covered in thin metallic scales. (AC +4, rElec)
A weak demonic guardian rushes to your aid.
You are mostly covered in sharp spines.
You have a pair of small horns on your head.
You are agile. (Dex +2)


Message History

You kill the orc warrior!
Lugonu accepts your kill. Cereshysteria's ghost hits you.
* * * LOW HITPOINT WARNING * * *
You completely miss cereshysteria's ghost.
Cereshysteria's ghost is almost destroyed.
Cereshysteria's ghost hits you.
* * * LOW HITPOINT WARNING * * *
The orc hits you but does no damage.
You hit cereshysteria's ghost but do no damage.
You headbutt cereshysteria's ghost, but do no damage.
Cereshysteria's ghost is almost destroyed.
Cereshysteria's ghost hits you but does no damage.
You thump cereshysteria's ghost!
Cereshysteria's ghost is almost destroyed.
Cereshysteria's ghost hits you but does no damage.
You feel very mighty all of a sudden.
The orc knight is struck by your spines.
The orc knight hits you with a long sword!
You die...

### ##.. ####### ##...#######
#...... ....#.#.#.## ###).....
## ..........###..)..... .# ..
#.......###..[).)... .# ###.
#..5....##....###...
.#...$######@..........#####. #.
#...#.#oW.........<.# . #
#.###.......o...._...........
##.#...##......#........##..#...
#.......##....#..........#.....#
#....#.....#....###.##......
##.....#.....#...#### ..##.. .
##.#....###......## .## .$
..###..)...#####...### .# .


You could see an orc knight, cereshysteria's ghost, an orc and a friendly iron
imp.

Vanquished Creatures
  3 two-headed ogres (D:8)
  An unseen horror (D:10)
  Maurice (D:8)
  A komodo dragon (D:10)
  3 trolls
  A wyvern (D:10)
  4 hogs (D:7)
  A human (D:7)
  A warg (Orc:1)
  A porcupine (D:8)
  Duvessa (D:7)
  6 orc warriors
  6 sky beasts
  2 eyes of draining
  A black bear (D:8)
  An ice beast (D:4)
  8 ogres
  2 big kobolds
  5 bullfrogs
  Dowan (D:7)
  4 scorpions
  A killer bee (shapeshifter) (D:10)
  7 killer bees
  4 howler monkeys
  2 crimson imps
  A quasit (D:6)
  A bullfrog zombie (D:5)
  2 jellies
  3 bullfrog skeletons
  4 hounds
  Crazy Yiuf (D:7)
  4 orc priests
  9 orc wizards
  2 centaur skeletons
  5 iguanas
  2 worker ants
  Natasha (thrice) (D:2)
  2 worker ant zombies
  5 gnolls
  11 adders
  3 shadow imps
  2 oozes
  An adder skeleton (D:8)
  4 worms
  6 dart slugs
  3 leopard geckos
  62 orcs
  5 bats
  A giant cockroach (D:1)
  20 goblins
  10 hobgoblins
  6 jackals
  20 kobolds
  6 quokkas
  4 ball pythons
  7 frilled lizards
  2 leopard gecko skeletons
  A quokka skeleton (D:8)
  A quokka zombie (D:7)
  10 rats
  A plant (D:8)
298 creatures vanquished.

Vanquished Creatures (collateral kills)
  A two-headed ogre (D:8)
  An orc warrior (Orc:1)
  A killer bee (D:8)
  An orc (D:8)
  A jackal (D:8)
5 creatures vanquished.

Vanquished Creatures (others)
  18 fungi (D:8)
  A plant (D:8)
  A starspawn tentacle (Abyss:1)
20 creatures vanquished.

Grand Total: 323 creatures vanquished

Notes
Turn   | Place    | Note
-------+----------+-------------------------------------------
     0 | Abyss:1  | smedtjen the Demonspawn Abyssal Knight began the quest for the Orb.
     0 | Abyss:1  | Reached XP level 1. HP: 18/18 MP: 2/2
    41 | Abyss:1  | Noticed a tentacled starspawn
    46 | D:1      | Escaped the Abyss
   272 | D:1      | Reached skill level 1 in Dodging
   354 | D:1      | Reached * piety under Lugonu
   354 | D:1      | Gained mutation: You are partially covered in sharp spines. [demonic ancestry]
   354 | D:1      | Reached XP level 2. HP: 24/24 MP: 3/3
  1176 | D:1      | Reached XP level 3. HP: 30/30 MP: 4/4
  1341 | D:2      | Reached XP level 4. HP: 31/37 MP: 5/5
  1388 | D:2      | Reached ** piety under Lugonu
  1638 | D:2      | Noticed Natasha
  1649 | D:2      | Killed Natasha
  1700 | D:2      | Noticed Natasha
  1710 | D:2      | Killed Natasha
  1710 | D:2      | Gained mutation: You are mostly covered in sharp spines. [demonic ancestry]
  1710 | D:2      | Reached XP level 5. HP: 43/43 MP: 6/6
  1790 | D:2      | Noticed Natasha
  1799 | D:2      | Killed Natasha
  2028 | D:3      | Found a hazy altar of Hepliaklqana.
  3048 | D:4      | Found a deep blue altar of Sif Muna.
  3161 | D:4      | Noticed an ogre
  3181 | D:4      | HP: 2/43 [ogre/giant spiked club (9)]
  3189 | D:4      | Noticed an ogre
  3280 | D:3      | Gained mutation: You have sharp fingernails. [demonic ancestry]
  3280 | D:3      | Reached XP level 6. HP: 49/49 MP: 7/7
  3313 | D:4      | Noticed an ice beast
  3330 | D:4      | Killed an ice beast
  3823 | D:4      | Reached skill level 5 in Axes
  3823 | D:4      | Reached XP level 7. HP: 24/55 MP: 8/8
  3827 | D:4      | Reached *** piety under Lugonu
  3958 | D:5      | Entered Level 5 of the Dungeon
  4064 | D:5      | Reached skill level 1 in Throwing
  4334 | D:5      | Reached skill level 5 in Fighting
  4530 | D:5      | Gained mutation: You are partially covered in thin metallic scales. (AC +2) [demonic ancestry]
  4530 | D:5      | Reached XP level 8. HP: 55/62 MP: 9/9
  4588 | D:5      | Found Oxkecoph's Antique Armour Emporium.
  4946 | D:6      | Reached skill level 5 in Armour
  5689 | D:6      | Reached **** piety under Lugonu
  5938 | D:6      | Reached skill level 1 in Maces & Flails
  6261 | D:7      | Found a runed door.
  6265 | D:7      | Noticed Crazy Yiuf
  6273 | D:7      | Killed Crazy Yiuf
  6273 | D:7      | Reached skill level 1 in Stealth
  6372 | D:7      | Found a burning altar of Makhleb.
  6372 | D:7      | Found a sparkling altar of Nemelex Xobeh.
  6444 | D:7      | Noticed Duvessa
  6468 | D:7      | Killed Duvessa
  6468 | D:7      | Gained mutation: A weak demonic guardian rushes to your aid. [demonic ancestry]
  6468 | D:7      | Reached XP level 9. HP: 61/69 MP: 10/10
  6478 | D:7      | Noticed Dowan
  6488 | D:7      | Killed Dowan
  6694 | D:7      | Reached skill level 1 in Staves
  6754 | D:7      | Found a staircase to the Ecumenical Temple.
  7029 | D:8      | Noticed a two-headed ogre
  7042 | D:8      | Killed a two-headed ogre
  7126 | D:8      | Noticed a two-headed ogre
  7144 | D:8      | Killed a two-headed ogre
  7144 | D:8      | Gained mutation: You are mostly covered in thin metallic scales. (AC +3) [demonic ancestry]
  7144 | D:8      | Reached XP level 10. HP: 48/79 MP: 11/11
  7303 | D:8      | Gained mutation: You have a pair of small horns on your head. [potion of mutation]
  7303 | D:8      | Gained mutation: You are agile. (Dex +2) [potion of mutation]
  7435 | D:8      | Noticed a two-headed ogre
  7455 | D:8      | Killed a two-headed ogre
  7455 | D:8      | Reached skill level 5 in Staves
  7490 | D:8      | Noticed Maurice
  7558 | D:8      | Killed Maurice
  7756 | D:8      | Noticed a two-headed ogre
  7765 | D:8      | Killed a two-headed ogre
  7778 | D:8      | Reached ***** piety under Lugonu
  7843 | D:8      | Found a roughly hewn altar of Beogh.
  7934 | D:8      | Found a staircase to the Lair.
  8528 | D:9      | Gained mutation: You are completely covered in thin metallic scales. (AC +4, rElec) [demonic ancestry]
  8528 | D:9      | Reached XP level 11. HP: 86/86 MP: 12/12
  8582 | D:9      | Found Susuj's Book Shoppe.
  8611 | D:9      | Found a shimmering altar of Xom.
  8622 | D:9      | Found a shimmering altar of Xom.
  8622 | D:9      | Found a shimmering altar of Xom.
  8622 | D:9      | Found a shimmering altar of Xom.
  8622 | D:9      | Found a shimmering altar of Xom.
  9321 | D:10     | Entered Level 10 of the Dungeon
  9620 | D:10     | Killed an unseen horror
  9846 | D:10     | Found a staircase to the Orcish Mines.
  9862 | Orc:1    | Entered Level 1 of the Orcish Mines
  9862 | Orc:1    | Found a roughly hewn altar of Beogh.
 10105 | Orc:1    | Noticed cereshysteria's ghost (journeyman MiFi)
 10113 | Orc:1    | Noticed an orc knight
 10144 | Orc:1    | Slain by an orc knight

Skill      XL: |  1  2  3  4  5  6  7  8  9 10 11 |
---------------+----------------------------------+-----
Dodging        | 1 2 3 |  3.2
Armour         | 2 3 4 6 7 8 |  8.8
Axes           | 2 3 4 5 7 |  7.6
Fighting       | 4 5 6 7 8 |  8.3
Throwing       | 1 |  1.0
Maces & Flails | 1 |  1.5
Stealth        | 1 2 3 |  3.1
Staves         | 4 7 8 |  8.0
Invocations    | |  2.4

Action                   |  1- 3 |  4- 6 |  7- 9 | 10-12 || total
-------------------------+-------+-------+-------+-------++-------
Melee: Hand axe          |    82 |   112 |   158 |       ||   352
       Spear             |       |     6 |       |       ||     6
       Scimitar          |       |     3 |       |       ||     3
       Quarterstaff      |       |       |    58 |   311 ||   369
       Whip              |       |       |     8 |       ||     8
       Headbutt          |       |       |       |    58 ||    58
Throw: Stone             |       |    10 |       |       ||    10
Invok: Depart the Abyss  |     1 |       |       |       ||     1
  Use: Scroll            |       |     9 |     7 |     8 ||    24
       Potion            |       |       |       |     5 ||     5
 Stab: Paralysed         |       |       |     2 |       ||     2
       Petrifying        |       |       |       |     4 ||     4
       Confused          |       |       |       |     1 ||     1
       Petrified         |       |       |       |     2 ||     2
       Distracted        |       |       |       |     1 ||     1
  Eat: Chunk             |     1 |     3 |     1 |     5 ||    10
       Meat ration       |       |     1 |     2 |     1 ||     4
Armor: Chain mail        |    71 |    90 |   162 |    55 ||   378
       Leather armour    |     2 |       |       |       ||     2
       Plate armour      |       |       |       |   171 ||   171
Dodge: Dodged            |    22 |    23 |    87 |    81 ||   213
